 Dungeon Crawl Stone Soup version 0.30.1-11-g7821555f0a (webtiles) character file.

Game seed: 10488386083246614653

1201 Arctor the Shield-Bearer (level 8, -6/64 HPs)
             Began as a Human Fighter on Jan 12, 2024.
             Was an Initiate of Ashenzari.
             Killed by divine providence
             ... invoked by an orc priest
              (15 damage)
             ... on level 6 of the Dungeon.
             The game lasted 00:06:32 (4199 turns).

Arctor the Shield-Bearer (Human Fighter)            Turns: 4199, Time: 00:06:32

Health: -6/64      AC: 17    Str: 18    XL:     8   Next: 72%
Magic:  8/8        EV:  9    Int:  8    God:    Ashenzari [......]
Gold:   237        SH:  5    Dex: 12    Spells: 7/7 levels left

rFire   . . .        a - +0 war axe
rCold   . . .        c - +0 buckler
rNeg    . . .        b - +1 scale mail
rPois   +            (no helmet)
rElec   .            g - scarf {harm}
rCorr   .            r - +0 pair of gloves
SInv    .            l - +0 pair of boots
Will    .....        (no amulet) Stlth
                     h - ring "Clairvoyant Paranoia" {AC+4, Fort, Evo} (curse)
HPRegen 0.30/turn    j - ring of poison resistance
MPRegen 0.11/turn

%: harm (+30% outgoing, +20% incoming)
@: no status effects
A: iridescent scales 1, dopey 1, noise suppression
a: Renounce Religion, Shatter the Chains


You were on level 6 of the Dungeon.
You worshipped Ashenzari.
Ashenzari was noncommittal.
You visited 1 branch of the dungeon, and saw 5 of its levels.

You collected 262 gold pieces.
You spent 25 gold pieces at shops.

Inventory:

Hand Weapons
 a - a +0 war axe (weapon)
Armour
 b - a +1 scale mail (worn)
 c - a +0 buckler (worn)
 g - a scarf of harm (worn)
 l - a +0 pair of boots (worn)
 r - a +0 pair of gloves (worn)
Jewellery
 h - the cursed ring "Clairvoyant Paranoia" (left hand) {AC+4, Fort, Evo}
   (You found it on level 1 of the Dungeon)

   [ring of protection]

   AC:        It affects your AC (+4).
   It has a curse which improves the following skills: Fortitude: Armour and
   Shields.
   Evocations: Evocations.
 j - a ring of poison resistance (right hand)
 n - an amulet of magic regeneration
Scrolls
 e - 7 scrolls of noise
 f - a scroll of fear
 k - a scroll of poison
 m - 3 scrolls of teleportation
 t - a scroll of identify
Potions
 d - a potion of mutation
 i - a potion of heal wounds
 q - a potion of curing
 s - a potion of flight


   Skills:
 + Level 5.7 Fighting
 + Level 5.2 Axes
 + Level 5.7(6.1) Armour
 + Level 5.7(6.1) Shields


You had 7 spell levels left.
You didn't know any spells.
Your spell library contained the following spells:

 Spells                   Type           Power      Damage    Failure   Level
 Sublimation of Blood     Necr           0%         N/A       93%         2
 Wereblood                Tmut           0%         N/A       93%         2
 Summon Hydra             Summ           0%         N/A       100%        7


Dungeon Overview and Level Annotations

Branches:
Dungeon (6/15)             Temple (0/1) D:6

Altars:
Ashenzari
Dithmenos
Trog
Uskayaw

Shops:
D:1 *   D:2 [   D:6 *


Innate Abilities, Weirdness & Mutations

You are partially covered in iridescent scales. (AC +2)
You are dopey. (Int -2)
You passively dampen the noise of your surroundings.


Message History

You kill the orc priest!
You slash the orc priest!
The orc priest is severely wounded.
You block the orc priest's attack.
You slice the orc priest!!
You kill the orc priest!
You are no longer berserk.
You are exhausted.
You feel yourself slow down. The orc closely misses you.
Items here: )) [ †.
You slash the orc!
You kill the orc!
You start resting.
You feel yourself speed up.
You recover from your berserk rage.
An ogre comes into view. It is wielding a +0 giant club.
An ogre is nearby!
An ogre is nearby!
An ogre is nearby!
The ogre shouts!
You see here a +0 short sword.
An orc comes into view. It is wielding a +0 flail.
The orc shouts!
You hear a shout!
An orc priest comes into view. It is wielding a +0 mace.
The orc priest shouts!
You hear a shout! x2
An orc wizard comes into view. It is wielding a +0 dagger.
The orc throws a stone.
The stone closely misses you.
The stone hits the ogre.
You hear a shout!
The orc priest casts a cantrip, but nothing happens.
The ogre barely misses you.
The orc wizard casts a spell.
The orc wizard flickers and vanishes!
Deactivating autopickup; reactivate with Ctrl-A.
You hit the ogre but do no damage.
The ogre is lightly wounded.
The ogre hits you with a +0 giant club!
* * * LOW HITPOINT WARNING * * *
The orc priest invokes the aid of Beogh against you.
Beogh smites you!
You die...

# # #.# # ... #.# # # #.#
#.# .. # #.# #.####. ###
#.# #.#...
..###.##########...#
#.................#
..###..#######..@#########
.).))...........O...o.o...
..####..######.########...
..# ##.# #.# ..# #.# #.#
..# #.. #.# ..# ##.. #.#
..# #.# #.# ..# .. ..#


You could see an ogre, an orc priest and an orc.

Vanquished Creatures
  Sigmund (D:3)
  Menkaure (D:6)
  Duvessa (D:5)
  A sky beast (D:6)
  An orc warrior (D:6)
  An ice beast (D:6)
  A phantom (D:5)
  A scorpion (D:5)
  Dowan (D:5)
  A jelly (D:6)
  3 orc priests (D:6)
  2 hounds (D:5)
  Terence (D:2)
  6 adders
  A white imp (D:5)
  2 ufetubi (D:5)
  A worm (D:3)
  3 dart slugs
  9 orcs
  5 ball pythons
  4 endoplasms
  5 giant cockroaches
  A goblin (D:1)
  4 hobgoblins
  6 jackals (D:1)
  A quokka (D:3)
  13 bats
  4 frilled lizards
  6 kobolds
  7 rats
94 creatures vanquished.

Notes
Turn   | Place    | Note
-------+----------+-------------------------------------------
     0 | D:1      | Arctor the Human Fighter began the quest for the Orb.
     0 | D:1      | Reached XP level 1. HP: 18/18 MP: 1/1
    66 | D:1      | Found a faded altar of an unknown god.
   145 | D:1      | Reached XP level 2. HP: 24/24 MP: 2/2
   322 | D:1      | Found Jocexoj's Assorted Antiques.
   377 | D:1      | Reached XP level 3. HP: 28/29 MP: 3/3
   850 | D:2      | Reached XP level 4. HP: 35/35 MP: 4/4
  1016 | D:2      | Found Qyir's Antique Armour Boutique.
  1258 | D:2      | Noticed Terence
  1266 | D:2      | Killed Terence
  1346 | D:2      | Reached XP level 5. HP: 39/42 MP: 5/5
  1730 | D:3      | Noticed Sigmund
  1823 | D:3      | Killed Sigmund
  1824 | D:3      | Reached XP level 6. HP: 28/48 MP: 6/6
  2862 | D:3      | You fall into a shaft and drop 3 floors!
  2938 | D:5      | Entered Level 5 of the Dungeon
  2939 | D:5      | Found a bloodstained altar of Trog.
  2940 | D:5      | Found a hide-covered altar of Uskayaw.
  2941 | D:5      | Found a broken altar of Ashenzari.
  2942 | D:5      | Found a shadowy altar of Dithmenos.
  2950 | D:5      | Reached XP level 7. HP: 55/55 MP: 7/7
  2976 | D:5      | Became a worshipper of Ashenzari the Shackled
  3311 | D:5      | Noticed Duvessa
  3312 | D:5      | Noticed Dowan
  3337 | D:5      | Killed Duvessa
  3345 | D:5      | Killed Dowan
  3346 | D:5      | Reached skill level 5 in Fighting
  3346 | D:5      | Reached skill level 5 in Armour
  3346 | D:5      | Reached skill level 5 in Shields
  3346 | D:5      | Reached XP level 8. HP: 35/62 MP: 8/8
  3971 | D:6      | Found Kegh's CLEARANCE SALE!.
  3979 | D:6      | Bought a potion of berserk rage for 25 gold pieces
  4042 | D:6      | Gained mutation: You are dopey. (Int -2) [potion of
                  | mutation]
  4042 | D:6      | Gained mutation: You passively dampen the noise of your
                  | surroundings. [potion of mutation]
  4042 | D:6      | Gained mutation: You are partially covered in iridescent
                  | scales. (AC +2) [potion of mutation]
  4045 | D:6      | Found a staircase to the Ecumenical Temple.
  4087 | D:6      | Noticed Menkaure
  4095 | D:6      | Killed Menkaure
  4096 | D:6      | Reached skill level 5 in Axes
  4199 | D:6      | Killed from afar by an orc priest

Illustrated notes

Levels and vault maps discovered:
D:1:      sevenhm_arrival_forest_fort_large_2, layout_basic,
          shapermc_ecumenical_altar_starsandcircs, serial_shops, shop
D:2:      layout_loops_corners, serial_shops, shop, minivault_23, uniq_terence
D:3:      layout_basic, serial_forest, infiniplex_forest_clump_curved,
          infiniplex_forest_end_1, infiniplex_forest_clump_medium,
          infiniplex_forest_zigzag_2, infiniplex_forest_lined_2, uniq_sigmund
D:5:      layout_loops_ring, chequers_temple_overflow_statue_of_worship,
          minmay_misc_feat_cross, uniq_duvessa
D:6:      layout_basic, minmay_temple_entry_trees, corner_web_ring,
          nicolae_shop_clearance, uniq_grinder, uniq_menkaure

Skill      XL: |  1  2  3  4  5  6  7  8 |
---------------+-------------------------+-----
Axes           | 3 4 5 |  5.2
Fighting       | 4 5 |  5.7
Armour         | 4 5 |  5.7
Shields        | 4 5 |  5.7

Action                     |  1- 3 |  4- 6 |  7- 9 || total
---------------------------+-------+-------+-------++-------
  Melee: War axe           |    85 |   127 |    97 ||   309
 Invoke: Curse Item        |       |       |     1 ||     1
    Use: Potion            |       |     3 |     7 ||    10
         Scroll            |       |     8 |       ||     8
 Armour: Scale mail        |    61 |    71 |    70 ||   202
  Dodge: Dodged            |    48 |    77 |    66 ||   191
  Block: Buckler           |    28 |    31 |    28 ||    87
